 Dungeon Crawl Stone Soup version 0.27-a0-417-g317cea8a3c (webtiles) character file.

Game seed: 17580421019742090268

2503 HoaS the Grappler (level 9, -3/67 HPs)
             Began as a Demigod Gladiator on Feb 25, 2021.
             Slain by a two-headed ogre
             ... wielding a +0 giant club
              (12 damage)
             ... on level 7 of the Dungeon.
             The game lasted 00:13:56 (6377 turns).

HoaS the Grappler (Demigod Gladiator)               Turns: 6377, Time: 00:13:57

Health: -3/67      AC: 18    Str: 23    XL:     9   Next: 7%
Magic:  11/11      EV: 11    Int: 10    God:
Gold:   345        SH:  0    Dex: 19    Spells: 8/8 levels left

rFire    . . .     SeeInvis .     - Unarmed
rCold    . . .     Faith    .   (no shield)
rNeg     . . .     Spirit   .   o - +0 plate armour
rPois    .         Reflect  .   b - +0 helmet
rElec    .         Harm     .   j - +0 cloak
rCorr    .         Rampage  .   (no gloves)
Will     .....                  e - +1 pair of boots
Stlth    ..........             (no amulet)
HPRegen  0.21/turn              m - +4 ring of evasion
MPRegen  0.12/turn              n - +4 ring of protection

@: mighty
A: high mp 1
a: no special abilities


You were on level 7 of the Dungeon.
You visited 1 branch of the dungeon, and saw 7 of its levels.

You collected 345 gold pieces.

Inventory:

Missiles
 x - 16 poisoned darts
 y - 5 boomerangs
Armour
 b - a +0 helmet (worn)
 e - a +1 pair of boots (worn)
 j - a +0 cloak (worn)
 o - a +0 plate armour (worn)
Jewellery
 g - a ring of poison resistance
 m - a +4 ring of evasion (left hand)
 n - a +4 ring of protection (right hand)
Wands
 q - a wand of acid (8) (quivered)
 s - a wand of digging (11)
 u - a wand of paralysis (9)
Scrolls
 h - 4 scrolls of teleportation
 i - a scroll of blinking
 r - 2 scrolls of magic mapping
 v - a scroll of identify
Potions
 a - 2 potions of resistance
 d - 4 potions of curing
 f - a potion of haste
 l - 2 potions of lignification
 p - 3 potions of mutation
 t - a potion of heal wounds
 z - a potion of flight {unknown}
 A - 2 potions of attraction {unknown}


   Skills:
 - Level 1.7 Fighting
 - Level 1.7 Throwing
 - Level 2.6 Dodging
 + Level 11.6 Unarmed Combat


You had 8 spell levels left.
You didn't know any spells.
Your spell library contained the following spells:

 Spells                   Type           Power        Failure   Level
 Foxfire                  Conj/Fire      0%           100%        1
 Confusing Touch          Hex            0%           100%        3
 Conjure Flame            Conj/Fire      0%           100%        3
 Gell's Gravitas          Tloc           0%           100%        3
 Inner Flame              Hex/Fire       0%           100%        3
 Petrify                  Tmut/Erth      0%           100%        4
 Sticky Flame             Conj/Fire      0%           100%        4
 Fireball                 Conj/Fire      0%           100%        5
 Metabolic Englaciation   Hex/Ice        0%           100%        5
 Yara's Violent Unravell  Hex/Tmut       0%           100%        5


Dungeon Overview and Level Annotations

Branches:
Dungeon (7/15)             Temple (0/1) D:6

Shops:
D:4 *


Innate Abilities, Weirdness & Mutations

You have an increased reservoir of magic. (+10% MP)


Message History

The orc hits you but does no damage.
You completely miss the orc.
The orc is moderately wounded.
The orc hits you but does no damage.
You barely miss the orc. Your punch misses the orc.
The orc is moderately wounded.
You punch the orc!
You kill the orc!
Items here: ))) [ ††.
An orc comes into view. It is wielding a +0 dagger.
The orc hits you but does no damage.
You punch the orc!
You kill the orc!
No target in view!
Things that are here:
a +0 dagger; an orc corpse A gnoll comes into view.
It is wielding a +0 flail.
The gnoll shouts!
The bolt of acid hits the two-headed ogre!
The two-headed ogre is splashed with acid.
The acid corrodes the two-headed ogre!
The two-headed ogre is moderately wounded.
The two-headed ogre hits you with a +0 giant club!!
The two-headed ogre completely misses you.
You feel very mighty all of a sudden.
You punch the two-headed ogre!
The two-headed ogre is heavily wounded.
The two-headed ogre hits you with a +0 giant club!
The two-headed ogre hits you with a +0 giant spiked club!
You barely miss the two-headed ogre.
The two-headed ogre is heavily wounded.
You completely miss the two-headed ogre.
The two-headed ogre is heavily wounded.
The two-headed ogre hits you with a +0 giant club!
* * * LOW HITPOINT WARNING * * *
The two-headed ogre barely misses you.
You pummel the two-headed ogre!!
The two-headed ogre is almost dead.
The two-headed ogre hits you with a +0 giant club!
You die...

# #.#[##.#
..#.##.#
#.#....# ######
# # #######.. #
#.Og..... #
#@#### #.)..#
####.#
#.#############
#.....)[.......
###############


You could see a two-headed ogre (corroded) and a gnoll.

Vanquished Creatures
  Pikel (D:5)
  Grinder (D:5)
  Sigmund (D:5)
  Eustachio (D:4)
  An orc warrior (D:6)
  2 phantoms
  A necrophage (D:7)
  2 ogres
  Blork the orc (D:6)
  2 bullfrogs (D:7)
  A scorpion (D:6)
  A jelly (D:6)
  2 hounds
  Crazy Yiuf (D:4)
  A centaur skeleton (D:4)
  4 orc priests
  2 worker ants
  Natasha (thrice) (D:4)
  An iguana (D:7)
  5 orc wizards
  A hound zombie (D:6)
  4 gnolls
  5 adders
  A white imp (D:6)
  An ufetubus (D:5)
  4 oozes
  6 worms
  3 dart slugs
  9 leopard geckos
  30 orcs
  7 giant cockroaches
  8 goblins
  13 hobgoblins
  8 jackals
  6 kobolds
  2 quokkas
  2 ball pythons
  A ball python skeleton (D:4)
  11 bats
  2 frilled lizards (D:2)
  A leopard gecko skeleton (D:5)
  A leopard gecko zombie (D:5)
  A quokka zombie (D:7)
  8 rats
169 creatures vanquished.

Notes
Turn   | Place    | Note
-------+----------+-------------------------------------------
     0 | D:1      | HoaS the Demigod Gladiator began the quest for the Orb.
     0 | D:1      | Reached XP level 1. HP: 17/17 MP: 3/3
    40 | D:1      | Reached skill level 3 in Unarmed Combat
   183 | D:1      | Reached XP level 2. HP: 14/24 MP: 4/4
   614 | D:1      | Reached XP level 3. HP: 17/29 MP: 5/5
   764 | D:1      | Reached skill level 4 in Unarmed Combat
  1459 | D:2      | Reached XP level 4. HP: 35/36 MP: 6/6
  2150 | D:3      | Reached skill level 5 in Unarmed Combat
  2689 | D:3      | Found a shadowy altar of Dithmenos.
  2760 | D:3      | Reached XP level 5. HP: 41/41 MP: 7/7
  3102 | D:4      | Noticed Eustachio
  3127 | D:4      | Noticed Natasha
  3142 | D:4      | Killed Natasha
  3143 | D:4      | Reached skill level 6 in Unarmed Combat
  3143 | D:4      | Found Coji's Assorted Antiques.
  3146 | D:4      | Found a basalt altar of Yredelemnul.
  3148 | D:4      | Killed Eustachio
  3149 | D:4      | Reached XP level 6. HP: 18/48 MP: 8/8
  3472 | D:4      | Noticed Natasha
  3481 | D:4      | Killed Natasha
  3482 | D:4      | Reached skill level 7 in Unarmed Combat
  3569 | D:4      | Noticed Natasha
  3575 | D:4      | Killed Natasha
  3695 | D:4      | Found a runed translucent door.
  3696 | D:4      | Noticed Crazy Yiuf
  4083 | D:4      | Killed Crazy Yiuf
  4136 | D:5      | Entered Level 5 of the Dungeon
  4220 | D:5      | Noticed Pikel
  4238 | D:5      | Reached XP level 7. HP: 49/53 MP: 9/9
  4258 | D:5      | Killed Pikel
  4259 | D:5      | Reached skill level 9 in Unarmed Combat
  4400 | D:5      | Noticed Grinder
  4417 | D:5      | Killed Grinder
  4418 | D:5      | Reached XP level 8. HP: 59/60 MP: 10/10
  4504 | D:5      | Noticed Sigmund
  4513 | D:5      | Killed Sigmund
  4514 | D:5      | Reached skill level 10 in Unarmed Combat
  4691 | D:6      | Found a staircase to the Ecumenical Temple.
  5237 | D:6      | Noticed Blork the orc
  5245 | D:6      | Killed Blork the orc
  5499 | D:6      | Reached skill level 11 in Unarmed Combat
  6024 | D:7      | Reached XP level 9. HP: 63/67 MP: 11/11
  6313 | D:7      | Noticed a two-headed ogre
  6377 | D:7      | Slain by a two-headed ogre

Illustrated notes

Levels and vault maps discovered:
D:1:      dpeg_arrival_erosion, layout_basic
D:2:      layout_basic, minmay_diced_spiral
D:3:      layout_rooms, grunt_dithmenos_smoke
D:4:      layout_loops_ring, serial_shops, shop, yredelemnul_altar_generic,
          uniq_natasha, uniq_crazy_yiuf_cottage, uniq_eustachio
D:5:      layout_rooms, hangedman_minor_gate_pass, uniq_grinder, uniq_sigmund,
          uniq_pikel
D:6:      layout_basic, minmay_temple_entry_large_hall, uniq_blork_the_orc
D:7:      statuecave_lemuel, layout_basic, eino_jars

Skill      XL: |  1  2  3  4  5  6  7  8 |
---------------+-------------------------+-----
Unarmed Combat | 3 4 5 6 7 9 11 | 11.6
Fighting       | |  1.7
Throwing       | |  1.7
Dodging        | |  2.6

Action                   |  1- 3 |  4- 6 |  7- 9 || total
-------------------------+-------+-------+-------++-------
Melee: Unarmed           |   182 |   290 |   215 ||   687
       Punch             |     2 |    12 |    10 ||    24
Throw: Throwing net      |       |     1 |     3 ||     4
Evoke: Wand              |       |       |     1 ||     1
  Use: Scroll            |     3 |    10 |     5 ||    18
       Potion            |       |     1 |     2 ||     3
 Stab: Distracted        |       |     1 |       ||     1
       Held in net/web   |       |     1 |     2 ||     3
Armor: Ring mail         |    49 |    67 |       ||   116
       Leather armour    |     1 |       |       ||     1
       Scale mail        |       |    21 |     4 ||    25
       Plate armour      |       |       |    85 ||    85
Dodge: Dodged            |   109 |   165 |    91 ||   365

Table legend: (Time is in decaauts)
 A = Elapsed time spent in this place.
 B = Non-inter-level travel time spent in this place.
 C = Inter-level travel time spent in this place.
 D = Time resting spent in this place.
 E = Time spent auto-exploring this place.
 F = Levels seen in this place.
 G = Mean time per level.
                   A        B        C        D        E       F      G
               +--------+--------+--------+--------+--------+-----+--------+
         Total |   6277 |   6116 |    161 |   1344 |   3390 |   7 |  896.7 |
       Dungeon |   6277 |   6116 |    161 |   1344 |   3390 |   7 |  896.7 |
               +--------+--------+--------+--------+--------+-----+--------+

Top non-repeatable levels by time:
     D:6: 1287 daAuts
     D:2: 1121 daAuts
     D:1: 1092 daAuts
     D:4: 1048 daAuts
     D:3: 818 daAuts
     D:5: 513 daAuts
     D:7: 395 daAuts
